 Dungeon Crawl Stone Soup version 0.29-a0-90-gc37658a0fe (webtiles) character file.

Game seed: 18089262791333235512

305688 fragbeetle the Scorcher (level 21, -19/174 HPs)
             Began as a Hill Orc Cinder Acolyte on Feb 5, 2022.
             Was the Champion of Makhleb.
             Killed from afar by an ironbound thunderhulk (29 damage)
             ... with a bolt of lightning
             ... on level 2 of the Vaults on Feb 6, 2022.
             The game lasted 04:30:16 (71412 turns).

fragbeetle the Scorcher (Hill Orc Cinder Acolyte)  Turns: 71412, Time: 04:30:16

Health: -19/174    AC: 24    Str: 24    XL:     21   Next: 14%
Magic:  29/32      EV: 10    Int: 16    God:    Makhleb [******]
Gold:   2775       SH: 12    Dex: 11    Spells: 3/29 levels left

rFire   + . .      SeeInvis +   b - +10 flail of Untimely Demise {speed, rN+ Dex+3}
rCold   . . .      Faith    .   D - +2 buckler
rNeg    + + .      Spirit   .   q - +6 swamp dragon scales
rPois   +          Reflect  +   s - +1 hat "Zokam" {rN+}
rElec   .          Harm     .   Q - scarf {repulsion}
rCorr   .          Rampage  .   p - +1 pair of gloves
Will    ++...                   g - +2 pair of boots
Stlth   ++........              c - amulet of reflection
HPRegen 0.39/turn               j - ring of willpower
MPRegen 0.23/turn               J - ring of see invisible

@: repel missiles
A: antennae 1, fire resistance 1, wild magic 1
}: 2/15 runes: decaying, gossamer
a: Renounce Religion, Minor Destruction, Lesser Servant of Makhleb, Major
Destruction, Greater Servant of Makhleb


You were on level 2 of the Vaults.
You worshipped Makhleb.
Makhleb was exalted by your worship.
You visited 8 branches of the dungeon, and saw 37 of its levels.
You also visited: Ossuary, Bailey and Ice Cave.

You collected 3953 gold pieces.
You spent 1178 gold pieces at shops.

Inventory:

Hand Weapons
 b - the +10 flail of Untimely Demise (weapon) {speed, rN+ Dex+3}
   (You found it on level 3 of the Dungeon)

   Attacks with this weapon are significantly faster.
   Dex:       It affects your dexterity (+3).
   rN:        It protects you from negative energy.
Missiles
 k - 4 boomerangs of dispersal
 T - 14 javelins
 X - 9 curare-tipped darts
 Z - 2 throwing nets
Armour
 g - a +2 pair of boots (worn)
 p - a +1 pair of gloves (worn)
 q - +6 swamp dragon scales (worn)
 s - the +1 hat "Zokam" (worn) {rN+}
   (You found it on level 2 of the Lair of Beasts)

   rN:        It protects you from negative energy.
 x - a +2 kite shield
 D - a +2 buckler (worn)
 Q - a scarf of repulsion (worn)
Jewellery
 c - an amulet of reflection (around neck)
 j - a ring of willpower (left hand)
 n - the ring of the Bespelling Fool {rC+ Int+4 Slay+3}
   (You found it on level 4 of the Lair of Beasts)

   [ring of protection from cold]

   Int:       It affects your intelligence (+4).
   Slay:      It affects your accuracy & damage with ranged weapons and melee
   (+3).
   rC:        It protects you from cold.
 v - an amulet of the acrobat
 w - the ring of Ascent {rElec rN+ Str+7 Dex+2}
   (You found it on level 1 of the Swamp)

   [ring of positive energy]

   Str:       It affects your strength (+7).
   Dex:       It affects your dexterity (+2).
   rElec:     It insulates you from electricity.
   rN:        It protects you from negative energy.
 B - a ring of flight
 J - a ring of see invisible (right hand)
 S - a ring of protection from fire
 U - the ring "Erodosub" {rCorr EV+4 Str+3 Int-2 Dex+2}
   (You found it on level 4 of the Spider Nest)

   [ring of evasion]

   EV:        It affects your evasion (+4).
   Str:       It affects your strength (+3).
   Int:       It affects your intelligence (-2).
   Dex:       It affects your dexterity (+2).
   rCorr:     It protects you from acid and corrosion.
 W - the ring of Acriet {rC+++ AC+4 Int+5 Stlth-}
   (You found it on level 14 of the Dungeon)

   [ring of protection]

   AC:        It affects your AC (+4).
   Int:       It affects your intelligence (+5).
   rC:        It renders you almost immune to cold.
   Stlth:     It makes you less stealthy.
Wands
 l - a wand of paralysis (7)
 o - a wand of iceblast (7)
 u - a wand of acid (13)
 C - a wand of flame (14)
 M - a wand of digging (12)
Scrolls
 a - 4 scrolls of fear
 f - 12 scrolls of teleportation
 h - 4 scrolls of magic mapping
 I - 8 scrolls of silence
 O - 2 scrolls of summoning
 P - a scroll of enchant weapon
 Y - 5 scrolls of fog
Potions
 d - a potion of resistance
 e - 5 potions of might
 i - 2 potions of haste
 m - 2 potions of heal wounds
 E - 10 potions of curing
 F - 9 potions of lignification
 G - 2 potions of cancellation
 H - 8 potions of brilliance
 K - 4 potions of invisibility
 L - 2 potions of magic
 N - 12 potions of ambrosia
 V - 4 potions of berserk rage
Miscellaneous
 r - a phantom mirror
 y - a phial of floods
 z - a box of beasts
 A - a condenser vane
 R - a lightning rod (4/4)


   Skills:
 - Level 12.1 Fighting
 - Level 5.0(11.6) Axes
 - Level 13.7(14.0) Maces & Flails
 - Level 13.5 Armour
 - Level 6.0 Stealth
 * Level 7.6 Shields
 - Level 4.6 Spellcasting
 - Level 14.0 Conjurations
 * Level 7.1 Necromancy
 - Level 9.5 Transmutations
 - Level 15.8 Fire Magic
 * Level 9.6 Earth Magic
 - Level 9.2 Poison Magic
 - Level 15.1 Invocations


You had 3 spell levels left.
You knew the following spells:

 Your Spells              Type           Power      Damage    Failure   Level
a - Scorch                Fire           100%       2d10      1%          2
b - Petrify               Tmut/Erth      44%        N/A       9%          4
c - Mephitic Cloud        Conj/Pois/Air  37%        N/A       6%          3
d - Ignite Poison         Fire/Tmut/Pois 51%        N/A       1%          3
e - Borgnjor's Vile Clut  Necr/Erth      19%        N/A       32%         5
f - Olgreb's Toxic Radia  Pois           43%        N/A       10%         4
g - Irradiate             Conj/Tmut      26%        3d22      10%         5

Your spell library contained the following spells:

 Spells                   Type           Power      Damage    Failure   Level
 Sting                    Tmut/Pois      100%       1d8       1%          1
 Stone Arrow              Conj/Erth      100%       3d13      1%          3
 Animate Skeleton         Necr           68%        N/A       3%          1
 Sublimation of Blood     Necr           34%        N/A       4%          2
 Inner Flame              Hex/Fire       37%        N/A       5%          3
 Dazzling Flash           Conj/Hex       66%        N/A       8%          3
 Poisonous Vapours        Pois/Air       48%        N/A       10%         2
 Apportation              Tloc           8%         N/A       36%         1
 Freeze                   Ice            16%        1d4       36%         1
 Summon Small Mammal      Summ           16%        N/A       36%         1
 Frozen Ramparts          Ice            8%         1d2       71%         3
 Ozocubu's Armour         Ice            4%         N/A       71%         3
 Tukima's Dance           Hex            4%         N/A       71%         3
 Flame Wave               Conj/Fire      61%        2d12      1%          4
 Starburst                Conj/Fire      30%        6d9       13%         6
 Animate Dead             Necr           17%        N/A       21%         4
 Lee's Rapid Deconstruct  Erth           22%        3d13*     21%         5
 Hailstorm                Conj/Ice       33%        3d8       22%         4
 Iskenderun's Mystic Bla  Conj/Tloc      33%        2d8       22%         4
 Alistair's Intoxication  Tmut/Pois      28%        N/A       22%         5
 Animate Armour           Summ/Erth      48%        N/A       45%         4
 Leda's Liquefaction      Hex/Erth       12%        N/A       45%         4
 Agony                    Necr           34%        N/A       47%         5
 Anguish                  Hex/Necr       9%         N/A       63%         4
 Statue Form              Tmut/Erth      29%        N/A       71%         6
 Eringya's Noxious Bog    Tmut/Pois      21%        N/A       73%         6
 Freezing Cloud           Conj/Ice/Air   12%        6-21      82%         5
 Death Channel            Necr           17%        N/A       95%         6
 Cause Fear               Hex            2%         N/A       97%         4
 Passage of Golubria      Tloc           4%         N/A       97%         4
 Metabolic Englaciation   Hex/Ice        2%         N/A       100%        5
 Silence                  Hex/Air        2%         N/A       100%        5
 Summon Forest            Summ/Tloc      2%         N/A       100%        5
 Summon Mana Viper        Hex/Summ       4%         N/A       100%        5
 Simulacrum               Ice/Necr       9%         N/A       100%        6
 Summon Cactus Giant      Summ           2%         N/A       100%        6
 Enfeeble                 Hex            2%         N/A       100%        7
 Discord                  Hex            2%         N/A       100%        8
 Lehudib's Crystal Spear  Conj/Erth      26%        10d7      100%        8


Dungeon Overview and Level Annotations

Branches:
Dungeon (15/15)            Temple (1/1) D:7            Lair (6/6) D:11
  Swamp (4/4) Lair:2       Spider (4/4) Lair:4        Slime (0/5) Lair:5
    Orc (2/2) D:11            Elf (3/3) Orc:2        Vaults (2/5) D:14
 Depths (0/4) D:15        Ossuary (visited)          Bailey (visited)
  IceCv (visited)
  Crypt: Vaults:2-3

Altars:
Ashenzari
Cheibriados
Dithmenos
Elyvilon
Fedhas
Gozag
Hepliaklqana
Kikubaaqudgha
Makhleb
Nemelex Xobeh
Okawaru
Qazlal
Ru
Sif Muna
Trog
Uskayaw
Vehumet
Wu Jian
Xom
Yredelemnul
Zin
The Shining One
Beogh
Jiyva

Shops:
D:8 *   Orc:2 *(!*   Elf:1 (   Elf:2 ::[   Elf:3 [

Portals:
Abyss: Lair:5
Trove: D:11 (give 19 potions of curing)

Annotations:
D:13 dig4gold
Lair:5 1 runed translucent door, 2 transporters, knot's ghost, journeyman DsBe
Spider:3 exclusion: 2 downstairs
Elf:2 3 runed translucent doors, exclusion: 3 doors
Elf:3 2 exclusions


Innate Abilities, Weirdness & Mutations

You have a pair of small antennae on your head.
Your flesh is heat resistant. (rF+)
Your spells are a little harder to cast, but a little more powerful.


Message History

The ironbound convoker is almost dead.
A deep troll comes into view.
The ironbound convoker misses you.
You sock the ironbound convoker!
You kill the ironbound convoker!
Makhleb accepts your kill.
You feel better. The deep troll barely misses you.
The deep troll claws you but does no damage.
The deep troll claws you!
An ironbound thunderhulk comes into view.
It is wielding a +0 dire flail.
You hit the deep troll but do no damage.
Your magical contamination has completely faded away.
The deep troll bites you!
* * * LOW HITPOINT WARNING * * *
You block the deep troll's attack.
The deep troll claws you but does no damage.
An ironbound convoker comes into view. It is wielding a +0 flail.
Electricity crackles from the ironbound thunderhulk's apparatus.
The bolt of lightning hits you but does no damage.
Electricity crackles from the ironbound thunderhulk's apparatus.
The bolt of lightning hits you!!!
* * * LOW HITPOINT WARNING * * *
The ironbound convoker casts a spell at the ironbound thunderhulk.
The ironbound thunderhulk seems to grow stronger.
Electricity crackles from the ironbound thunderhulk's apparatus.
The bolt of lightning is repelled.
You feel much better. You block the deep troll's attack.
The deep troll claws you!
* * * LOW HITPOINT WARNING * * *
The deep troll claws you.
* * * LOW HITPOINT WARNING * * *
The ironbound convoker casts a spell at the deep troll.
The deep troll seems to grow stronger.
Blink to where?
Press: ? - help, Dir - move target
As you read the scroll of blinking, it crumbles to dust.
Electricity crackles from the ironbound thunderhulk's apparatus.
The bolt of lightning hits you!!
You die...

#########
#........'......'.
#.......#
#........########.
#...<...# #.(......# #.
#.......# #........# ##
#.......# #........#
#.......# #........#
#.......# #........#
#######'##############+####
................@......§..#
.......................T..#
..........................#
.......................T..#
#....................Op...#
#.........................#
#......................†..#
#...................p.....#
#..................))..)..#
#


You could see an ironbound thunderhulk (strong), a vault guard (strong), 2 deep
trolls and an ironbound convoker.

Vanquished Creatures
  Mlioglotl (Spider:1)
  Rupert (D:15)
  Asterion (Elf:2)
  A sphinx (Vaults:1)
  Kirke (Spider:1)
  A thorn hunter (Swamp:4)
  Agnes (Elf:1)
  A frost giant (IceCv)
  6 ghost moths
  3 vault wardens
  2 emperor scorpions
  Louise (Swamp:3)
  5 broodmothers
  A war gargoyle (Vaults:1)
  A stone giant (D:10)
  6 ironbound preservers
  2 ironbound thunderhulks (Vaults:1)
  Nessos (D:15)
  An eleionoma (Swamp:4)
  6 entropy weavers
  A deep elf demonologist (Elf:1)
  3 bunyips
  5 spark wasps
  5 dire elephants
  A deep elf annihilator (Elf:3)
  Snorg (D:14)
  An ettin (Vaults:1)
  A deep elf death mage (Elf:3)
  Josephine (D:15)
  A crystal guardian (Vaults:1)
  A great orb of eyes (Vaults:2)
  A deep elf high priest (Elf:1)
  2 yaktaur captains
  17 hydras
  6 ghost crabs
  5 vault guards
  Erolcha (D:12)
  Harold (D:10)
  2 peacekeepers (Vaults:1)
  6 ogre magi
  8 boulder beetles
  2 jorogumos
  5 centaur warriors (Vaults:1)
  3 ironbound frosthearts
  3 radroaches
  8 dancing weapons
  18 two-headed ogres
  The ghost of sirJeffrey23 the Tainter, a novice DrVM of Jiyva (D:10)
  11 death yaks
  6 alligators
  3 orc high priests (Orc:1)
  4 spriggans
  8 deep elf knights
  9 pharaoh ants
  6 goliath frogs
  A death drake (Swamp:4)
  A fire crab (Lair:6)
  4 sun moths
  8 steelbarb worms
  A spriggan druid (Swamp:4)
  8 orb spiders
  20 deep trolls
  11 swamp dragons
  A glowing orange brain (Vaults:1)
  4 wizards
  3 bog bodies
  8 ironbound convokers
  13 deep elf zephyrmancers
  8 necromancers
  8 deep elf archers
  Pikel (D:6)
  17 deep elf pyromancers
  An oklob plant (Lair:4)
  15 ugly things
  3 orc knights
  15 wolf spiders
  3 orc sorcerers (Orc:1)
  2 manticores
  4 will-o-the-wisps
  24 slime creatures
  10 cyclopes
  The ghost of bande the Covered, a novice GrFi of Okawaru (D:7)
  15 elephants
  3 moths of wrath
  5 black mambas
  4 vault sentinels
  9 torpor snails
  9 rime drakes
  17 cane toads
  Maggie (D:6)
  11 demonic crawlers
  2 kobold demonologists
  13 yaktaurs
  11 komodo dragons
  2 tengu conjurers (D:15)
  5 trolls
  A queen bee (D:12)
  A bloated husk (Swamp:2)
  The ghost of Cecur the Sneak, a novice SpWr (D:5)
  12 meliai
  4 polar bears
  7 hornets
  11 tarantellas
  4 large abominations (Elf:3)
  12 tyrant leeches
  Grinder (D:6)
  11 dream sheep
  12 blink frogs (Lair:6)
  2 water elementals
  32 jumping spiders
  Sigmund (D:6)
  19 culicivoras
  2 air elementals
  47 yaks
  3 vampires
  6 wyverns
  21 fire elementals
  A yak (shapeshifter) (Elf:3)
  9 wraiths
  3 hogs (Spider:1)
  18 humans (D:14)
  A human (shapeshifter) (D:15)
  6 basilisks
  2 steam dragons
  56 redbacks
  7 vampire mosquitoes
  4 wargs
  20 swamp worms
  8 water moccasins
  25 orc warriors
  8 black bears
  6 swamp drakes
  A sky beast (D:5)
  A hornet zombie (D:5)
  4 necrophages (D:12)
  26 ogres
  5 boggarts
  A lemure (D:6)
  23 wolves
  4 centaurs
  2 phantoms
  Blork the orc (D:5)
  15 kobold brigands
  4 elf zombies (Elf:3)
  5 earth elementals
  11 gnoll sergeants
  20 bullfrogs
  A wyvern zombie (D:4)
  A scorpion (D:5)
  2 wights (D:12)
  34 killer bees
  3 vampire bats (Orc:1)
  4 howler monkeys
  4 electric eels
  A bullfrog zombie (D:5)
  A human zombie (Ossuary)
  8 centaur zombies
  2 jellies (D:6)
  8 gnoll shamans
  13 orc priests
  Crazy Yiuf (D:3)
  5 hounds
  A bullfrog skeleton (D:5)
  2 iguanas (D:5)
  Terence (D:3)
  21 orc wizards
  A hell rat (Lair:6)
  6 mummies
  34 gnolls
  5 adders
  2 white imps (D:7)
  4 worms
  A dart slug (D:2)
  84 orcs
  10 bats
  8 endoplasms
  2 giant cockroaches
  11 goblins
  5 hobgoblins
  4 jackals (D:1)
  A quokka (D:3)
  8 ball pythons
  5 frilled lizards
  A goblin zombie (Ossuary)
  3 hobgoblin zombies (Ossuary)
  35 kobolds
  3 kobold zombies (Ossuary)
  An orc zombie (D:7)
  3 rats
  5 briar patches (Lair:4)
1364 creatures vanquished.

Vanquished Creatures (collateral kills)
  Mara (Swamp:3)
  Arachne (Spider:2)
  An ice dragon (Swamp:4)
  A death yak (IceCv)
  A spriggan druid (Swamp:4)
  A wolf spider (Spider:1)
  A will-o-the-wisp (Swamp:2)
  3 rime drakes
  2 polar bears (IceCv)
  A tarantella (Spider:1)
  A jumping spider (Spider:1)
  2 culicivoras (Spider:1)
  3 yaks (IceCv)
  3 redbacks
  4 swamp worms
  An orc warrior (D:8)
  An ogre (D:5)
  3 wolves (IceCv)
31 creatures vanquished.

Vanquished Creatures (others)
  An orb spider (Spider:1)
  A moth of wrath (Spider:1)
  A yaktaur (D:15)
  A human (Spider:1)
  A sky beast (D:7)
  2 briar patches (Lair:4)
  A bush (Lair:6)
  28 foxfires
  49 fungi
  118 plants
  6 withered plants (D:12)
209 creatures vanquished.

Grand Total: 1604 creatures vanquished

Notes
Turn   | Place    | Note
-------+----------+-------------------------------------------
     0 | D:1      | fragbeetle the Hill Orc Cinder Acolyte began the quest for
                  | the Orb.
     0 | D:1      | Reached XP level 1. HP: 19/19 MP: 2/2
   259 | D:1      | Reached XP level 2. HP: 16/27 MP: 3/3
   900 | D:1      | Learned a level 2 spell: Scorch
  1396 | D:2      | Reached XP level 3. HP: 33/33 MP: 1/4
  1643 | D:2      | Found a shimmering altar of Xom.
  2239 | D:3      | Reached XP level 4. HP: 36/40 MP: 0/6
  2358 | D:3      | Reached skill level 5 in Axes
  2458 | D:3      | Identified the +10 flail of Untimely Demise {speed, rN+
                  | Dex+3}
  2551 | D:3      | Noticed Terence
  2568 | D:3      | Killed Terence
  2569 | D:3      | Reached skill level 1 in Maces & Flails
  2825 | D:3      | Found a runed translucent door.
  2826 | D:3      | Noticed Crazy Yiuf
  2884 | D:3      | Reached XP level 5. HP: 46/46 MP: 7/7
  3087 | D:3      | Found a shadowy altar of Dithmenos.
  3424 | D:4      | Found a sacrificial altar of Ru.
  3462 | D:4      | Noticed a black bear
  3468 | D:4      | Killed a black bear
  3469 | D:4      | Reached skill level 5 in Fire Magic
  3666 | D:4      | Reached XP level 6. HP: 40/52 MP: 7/9
  4238 | D:4      | Found an ancient bone altar of Kikubaaqudgha.
  4333 | D:4      | Found a white marble altar of Elyvilon.
  4374 | D:4      | Identified the +1 robe of Dele {Str+3 Int+4}
  4499 | D:5      | Entered Level 5 of the Dungeon
  4499 | D:5      | Noticed Blork the orc
  4507 | D:5      | Killed Blork the orc
  4623 | D:5      | Reached XP level 7. HP: 47/59 MP: 10/10
  4694 | D:5      | Found a glowing golden altar of the Shining One.
  4709 | D:5      | Learned a level 5 spell: Irradiate
  4757 | D:5      | Found an opulent altar of Gozag.
  4842 | D:5      | Reached skill level 1 in Conjurations
  4856 | D:5      | Learned a level 3 spell: Mephitic Cloud
  5035 | D:5      | Reached skill level 1 in Stealth
  5184 | D:5      | Reached skill level 1 in Transmutations
  5186 | D:5      | Identified the +5 chain mail "Otec" {*Slow rPois rC- Str+7}
  5260 | D:5      | Reached XP level 8. HP: 66/66 MP: 11/11
  5265 | D:5      | Reached skill level 1 in Poison Magic
  5626 | D:5      | Found a transporter.
  5627 | D:5      | Noticed Cecur's ghost (novice SpWr)
  5628 | D:5      | Identified the +8 dire flail "Worm" {drain, rPois rC+
                  | Will++}
  5711 | D:5      | Found a transporter.
  5796 | D:6      | Noticed Maggie
  5818 | D:6      | Reached skill level 5 in Maces & Flails
  6238 | D:6      | Killed Maggie
  6241 | D:6      | Noticed Grinder
  6291 | D:6      | Killed Grinder
  6292 | D:6      | Reached XP level 9. HP: 65/71 MP: 12/12
  7143 | D:6      | Noticed Sigmund
  7156 | D:6      | Killed Sigmund
  7270 | D:6      | Noticed Pikel
  7300 | D:6      | Killed Pikel
  7706 | D:7      | Noticed a troll
  7715 | D:7      | Killed a troll
  7784 | D:7      | Noticed a two-headed ogre
  7789 | D:7      | Noticed a two-headed ogre
  7790 | D:7      | Noticed bande's ghost (novice GrFi)
  7846 | D:7      | Found a sand-covered staircase.
  7858 | Ossuary  | Entered an ossuary
  7957 | Ossuary  | Reached skill level 5 in Conjurations
  8325 | D:7      | Found a transporter.
  8329 | D:7      | Found a transporter.
  8449 | D:7      | Reached XP level 10. HP: 78/78 MP: 13/13
  8657 | D:7      | Found a staircase to the Ecumenical Temple.
  8779 | Temple   | Entered the Ecumenical Temple
  9023 | D:8      | Found a shimmering altar of Xom.
  9078 | D:8      | Found a flagged portal.
  9147 | Bailey   | Entered a bailey
 11221 | D:8      | Found Syirr's Overcharged Wands.
 11754 | D:8      | Learned a level 3 spell: Ignite Poison
 11764 | D:8      | Found a radiant altar of Vehumet.
 13041 | D:9      | Found a stormy altar of Qazlal.
 13235 | D:9      | Noticed a cyclops
 13249 | D:9      | Killed a cyclops
 13250 | D:9      | Reached XP level 11. HP: 84/84 MP: 14/14
 13471 | D:9      | Reached skill level 10 in Fire Magic
 13986 | D:10     | Entered Level 10 of the Dungeon
 14706 | D:10     | Found a bloodstained altar of Trog.
 14710 | D:10     | Noticed a two-headed ogre
 14717 | D:10     | Killed a two-headed ogre
 14870 | D:10     | Noticed Harold
 14876 | D:10     | Killed Harold
 15329 | D:10     | Found a runed translucent door.
 15333 | D:10     | Noticed sirJeffrey23's ghost (novice DrVM)
 15336 | D:10     | Noticed a stone giant
 15786 | D:11     | Noticed a death yak
 15787 | D:11     | Found a staircase to the Lair.
 15894 | D:11     | Noticed a death yak
 15894 | D:11     | Noticed a death yak
 16045 | D:11     | Found a staircase to the Orcish Mines.
 16832 | D:11     | Killed a death yak
 17032 | D:11     | Noticed a cyclops
 17042 | D:11     | Killed a cyclops
 17043 | D:11     | Reached skill level 10 in Maces & Flails
 17043 | D:11     | Reached XP level 12. HP: 91/91 MP: 15/18
 17134 | D:11     | Found a portal to a secret trove of treasure.
 17433 | Lair:1   | Entered Level 1 of the Lair of Beasts
 17714 | Lair:1   | Noticed an eight-headed hydra
 17722 | Lair:1   | Killed a five-headed hydra
 17723 | Lair:1   | Reached skill level 1 in Armour
 18662 | Lair:2   | Identified the +1 hat "Zokam" {rN+}
 18683 | Lair:2   | Found a frozen archway.
 18715 | IceCv    | Entered an ice cave
 18743 | IceCv    | Noticed a death yak
 18751 | IceCv    | Killed a death yak
 18944 | IceCv    | Noticed a death yak
 18983 | IceCv    | Killed a death yak
 19274 | IceCv    | Noticed a frost giant
 19274 | IceCv    | Noticed a death yak
 19290 | IceCv    | Killed a death yak
 19291 | IceCv    | Reached skill level 5 in Transmutations
 19355 | IceCv    | Killed a frost giant
 19627 | IceCv    | Noticed a death yak
 19627 | IceCv    | Noticed a death yak
 19651 | IceCv    | Killed a death yak
 19667 | IceCv    | Killed a death yak
 19668 | IceCv    | Reached skill level 5 in Armour
 19668 | IceCv    | Reached XP level 13. HP: 67/96 MP: 3/19
 20325 | Lair:2   | Reached skill level 10 in Conjurations
 20935 | Lair:2   | Found a staircase to the Swamp.
 22922 | Lair:4   | Identified the +6 scale mail "Bocvean" {Rampage}
 23034 | Lair:4   | Found a transporter.
 23122 | Lair:4   | Found a transporter.
 23173 | Lair:4   | Found a broken altar of Ashenzari.
 23382 | Lair:4   | Found a hole to the Spider Nest.
 24119 | Lair:5   | Found a runed translucent door.
 24121 | Lair:5   | Found a viscous altar of Jiyva.
 24150 | Lair:5   | Found a staircase to the Slime Pits.
 24335 | Lair:5   | Reached skill level 5 in Fighting
 24419 | Lair:5   | Reached XP level 14. HP: 99/107 MP: 20/20
 24705 | Lair:5   | Found a transporter.
 24746 | Lair:5   | Found a transporter.
 24935 | Lair:5   | Noticed knot's ghost (journeyman DsBe)
 24977 | Lair:5   | Found a one-way gate to the infinite horrors of the Abyss.
 25284 | Lair:6   | Entered Level 6 of the Lair of Beasts
 25708 | Lair:5   | Reached skill level 5 in Stealth
 27931 | Lair:6   | Noticed a dire elephant
 27931 | Lair:6   | Noticed a dire elephant
 29322 | Lair:6   | Killed a dire elephant
 29623 | Lair:6   | Reached XP level 15. HP: 116/117 MP: 21/21
 30353 | Lair:1   | Learned a level 4 spell: Petrify
 31140 | Orc:1    | Entered Level 1 of the Orcish Mines
 31146 | Orc:1    | Paralysed by an orc sorcerer for 5 turns
 31321 | Orc:1    | Reached skill level 1 in Earth Magic
 31754 | Orc:1    | Gained mutation: You are weak. (Str -2) [mutagenic glow]
 31994 | Temple   | Fell from the grace of Ignis
 31994 | Temple   | Became a worshipper of Makhleb the Destroyer
 32140 | Orc:2    | Entered Level 2 of the Orcish Mines
 32140 | Orc:2    | Found a staircase to the Elven Halls.
 32511 | Orc:1    | Reached * piety under Makhleb
 33952 | Orc:1    | Reached ** piety under Makhleb
 35174 | Orc:2    | Paralysed by an ogre mage for 4 turns
 35545 | Orc:2    | Paralysed by an ogre mage for 4 turns
 35988 | Orc:2    | Reached skill level 1 in Invocations
 35991 | Orc:2    | Found a roughly hewn altar of Beogh.
 36451 | Orc:2    | Reached *** piety under Makhleb
 36642 | Orc:2    | Reached skill level 15 in Fire Magic
 36726 | Orc:2    | Found Hellicai's Assorted Antiques.
 36727 | Orc:2    | Found Faosuk's Distillery.
 36727 | Orc:2    | Found Zamakkash's General Store.
 36727 | Orc:2    | Found Wuhogg's Antique Weapon Shoppe.
 36739 | Orc:2    | Bought a scroll of identify for 78 gold pieces
 36741 | Orc:2    | Bought a potion of berserk rage for 70 gold pieces
 36741 | Orc:2    | Bought a potion of heal wounds for 70 gold pieces
 36742 | Orc:2    | Bought a potion of curing for 36 gold pieces
 36744 | Orc:2    | Bought a scroll of summoning for 114 gold pieces
 37162 | Lair:1   | Upgraded the game from 0.29-a0-82-g837932c90e to
                  | 0.29-a0-88-g03a7b78be7
 37273 | D:12     | Noticed Erolcha
 38339 | D:12     | Identified the +4 trident of Satyriasis {vorpal, *Noise rN+
                  | Int+3 Dex+2 Stlth+}
 38465 | D:12     | Reached skill level 10 in Armour
 38747 | D:13     | Reached XP level 16. HP: 127/128 MP: 22/22
 38802 | D:12     | Reached **** piety under Makhleb
 38845 | D:13     | Reached skill level 5 in Earth Magic
 38925 | D:13     | Found a glowing silver altar of Zin.
 39279 | D:13     | Reached XP level 17. HP: 136/136 MP: 23/23
 39733 | D:15     | Entered Level 15 of the Dungeon
 40536 | D:14     | Was forgiven by Ignis
 40781 | D:14     | Reached ***** piety under Makhleb
 40799 | D:14     | Found a gate to the Vaults.
 41474 | D:14     | Identified the ring of Acriet {rC+++ AC+4 Int+5 Stlth-}
 41813 | D:15     | Found a staircase to the Depths.
 41856 | D:15     | Noticed Rupert
 41860 | D:15     | Found a broken altar of Ashenzari.
 42186 | D:15     | Killed Rupert
 42561 | D:15     | Noticed Nessos
 42566 | D:15     | Killed Nessos
 42708 | D:15     | Noticed Josephine
 42732 | D:15     | Killed Josephine
 43584 | D:12     | Killed Erolcha
 43956 | Swamp:1  | Entered Level 1 of the Swamp
 44719 | Swamp:1  | Identified the ring of Ascent {rElec rN+ Str+7 Dex+2}
 44732 | Swamp:1  | Identified a scroll of acquirement
 44733 | Swamp:1  | Acquired Great Wizards, Vol. II
 46735 | Swamp:3  | Noticed Mara
 46796 | Swamp:3  | Noticed fragbeetle's illusion
 46809 | Swamp:3  | Killed Mara
 46810 | Swamp:3  | Reached skill level 5 in Poison Magic
 46810 | Swamp:3  | Reached XP level 18. HP: 45/147 MP: 18/25
 47667 | Swamp:3  | Noticed Louise
 47848 | Swamp:3  | Killed Louise
 47849 | Swamp:3  | Reached skill level 10 in Fighting
 48081 | Swamp:4  | Entered Level 4 of the Swamp
 48090 | Swamp:4  | Reached skill level 10 in Invocations
 49853 | Swamp:4  | Got a decaying rune of Zot
 50419 | Spider:1 | Entered Level 1 of the Spider Nest
 51545 | Spider:1 | Noticed Mlioglotl
 51561 | Spider:1 | Killed Mlioglotl
 52437 | Spider:1 | Noticed Kirke
 52473 | Spider:1 | Killed Kirke
 52599 | Spider:1 | Gained mutation: Armour fits poorly on your strangely
                  | shaped body. [mutagenic glow]
 54006 | Spider:2 | Noticed Arachne
 54448 | Spider:2 | Killed Arachne
 54449 | Spider:2 | Reached XP level 19. HP: 99/156 MP: 10/28
 54764 | Lair:1   | Lost mutation: You are weak. (Str -2) [potion of mutation]
 54764 | Lair:1   | Lost mutation: Armour fits poorly on your strangely shaped
                  | body. [potion of mutation]
 54764 | Lair:1   | Gained mutation: Your magical capacity is low. (-10% MP)
                  | [potion of mutation]
 54764 | Lair:1   | Gained mutation: You are clumsy. (Dex -2) [potion of
                  | mutation]
 54764 | Lair:1   | Gained mutation: You are weak. (Str -2) [potion of
                  | mutation]
 54765 | Lair:1   | Lost mutation: Your magical capacity is low. (-10% MP)
                  | [potion of mutation]
 54765 | Lair:1   | Lost mutation: You are clumsy. (Dex -2) [potion of
                  | mutation]
 54765 | Lair:1   | Lost mutation: You are weak. (Str -2) [potion of mutation]
 54765 | Lair:1   | Gained mutation: You are dopey. (Int -2) [potion of
                  | mutation]
 54765 | Lair:1   | Gained mutation: You are weak. (Str -2) [potion of
                  | mutation]
 54766 | Lair:1   | Lost mutation: You are weak. (Str -2) [potion of mutation]
 54766 | Lair:1   | Lost mutation: You are dopey. (Int -2) [potion of mutation]
 54766 | Lair:1   | Gained mutation: Your body sometimes deteriorates upon
                  | taking damage. [potion of mutation]
 54766 | Lair:1   | Gained mutation: You have a pair of small horns on your
                  | head. [potion of mutation]
 54767 | Lair:1   | Lost mutation: Your body sometimes deteriorates upon taking
                  | damage. [potion of mutation]
 54767 | Lair:1   | Lost mutation: You have a pair of small horns on your head.
                  | [potion of mutation]
 54767 | Lair:1   | Gained mutation: Your flesh is heat resistant. (rF+)
                  | [potion of mutation]
 54767 | Lair:1   | Gained mutation: You have a pair of small antennae on your
                  | head. [potion of mutation]
 54767 | Lair:1   | Gained mutation: Your spells are a little harder to cast,
                  | but a little more powerful. [potion of mutation]
 56309 | Spider:3 | Reached ****** piety under Makhleb
 56502 | Spider:3 | Identified the +5 morningstar "Kuugup" {freeze, rElec}
 57890 | Spider:4 | Entered Level 4 of the Spider Nest
 60861 | Spider:4 | Identified the ring "Erodosub" {rCorr EV+4 Str+3 Int-2
                  | Dex+2}
 61291 | Spider:4 | Got a gossamer rune of Zot
 61513 | Lair:4   | Identified the ring of the Bespelling Fool {rC+ Int+4
                  | Slay+3}
 62202 | D:10     | Killed sirJeffrey23's ghost
 62352 | D:7      | Killed bande's ghost
 62482 | D:5      | Killed Cecur's ghost
 62483 | D:5      | Reached skill level 1 in Shields
 62593 | D:3      | Killed Crazy Yiuf
 62819 | Lair:1   | Learned a level 5 spell: Borgnjor's Vile Clutch
 62819 | Lair:1   | Upgraded the game from 0.29-a0-88-g03a7b78be7 to
                  | 0.29-a0-90-gc37658a0fe
 63027 | D:14     | Noticed Snorg
 63046 | D:14     | Killed Snorg
 63274 | Vaults:1 | Entered Level 1 of the Vaults
 63560 | Vaults:1 | Reached skill level 1 in Necromancy
 63560 | Vaults:1 | Reached XP level 20. HP: 125/167 MP: 30/30
 64087 | Vaults:1 | HP: 2/168 [ironbound thunderhulk/bolt of lightning (22)]
 64560 | Vaults:1 | Paralysed by an ogre mage for 6 turns
 65135 | Elf:1    | Entered Level 1 of the Elven Halls
 65718 | Elf:1    | Found Hoiph's Weapon Shoppe.
 65850 | Elf:1    | Noticed Agnes
 65866 | Elf:1    | Killed Agnes
 66752 | Elf:2    | Found Jueraet's Book Shop.
 66824 | Elf:2    | Noticed Asterion
 66836 | Elf:2    | Killed Asterion
 66893 | Elf:2    | Bought a book of Winter for 510 gold pieces
 67269 | Elf:2    | Found Qurgha Vya's Book Emporium.
 67287 | Elf:2    | Bought a Young Poisoner's Handbook for 300 gold pieces
 67292 | Elf:2    | Learned a level 4 spell: Olgreb's Toxic Radiance
 67394 | Elf:2    | Found Uruloni's Armour Emporium.
 67657 | Elf:2    | Found a runed translucent gate.
 67657 | Elf:2    | Found a runed translucent gate.
 67668 | Elf:2    | Found a runed translucent gate.
 67825 | Elf:3    | Entered Level 3 of the Elven Halls
 67925 | Elf:3    | Found Pelidiv's Armour Shop.
 68126 | Elf:3    | Reached skill level 5 in Shields
 68310 | Elf:3    | Paralysed by an air elemental for 1 turns
 68548 | Elf:3    | Reached skill level 15 in Invocations
 68752 | Elf:3    | Got the Compendium of Evil Arts
 68858 | Elf:3    | Reached skill level 5 in Necromancy
 70865 | Vaults:2 | Reached XP level 21. HP: 160/174 MP: 32/32
 71409 | Vaults:2 | HP: 1/174 [ironbound thunderhulk/bolt of lightning (44)]
 71412 | Vaults:2 | Killed from afar by an ironbound thunderhulk

Illustrated notes

Levels and vault maps discovered:
D:1:      psy_arrival_terrarium, layout_basic
D:2:      layout_loops_corners, basic_altar, minmay_distorted
D:3:      layout_basic, lemuel_doored_altar, nicolae_figureground_sparkle,
          uniq_terence, uniq_crazy_yiuf_cottage
D:4:      layout_basic, kiku_gazebo_pond_becter, nicolae_ru_awakened_eye,
          mainiacjoe_overflow_alcove_4
D:5:      layout_loops_corners, overflow_temple_1_default, grunt_gozag_statues,
          gammafunk_ghost_smash, uniq_blork_the_orc
D:6:      layout_basic, uniq_maggie, uniq_pikel, uniq_sigmund, uniq_grinder
D:7:      layout_rooms, minmay_temple_entry_junction, enter_ossuary_3,
          gammafunk_ghost_arena
D:8:      layout_loops_ring, nicolae_overflow_squiral, enter_bailey_5,
          nicolae_shop_overcharged_wands
D:9:      layout_roguey, mainiacjoe_overflow_brackets, special_room
          [special_room_kobold]
D:10:     layout_grid_maze, mainiacjoe_overflow_concentric_impassable,
          ebering_ghost_inner_flame, kennysheep_generic_room_9, uniq_harold
D:11:     layout_irregular_city, dpeg_lair_monsters, hiddenorc1_lemuel,
          enter_trove_1
D:12:     layout_roguey [special_room_bee], serial_undead, serial_undead_e,
          serial_undead_b, serial_undead_d, serial_undead_d, serial_undead_e,
          serial_undead_d, serial_undead_b, uniq_erolcha
D:13:     layout_irregular_city, hangedman_abyss_or_decor_clamps, zin_treasury
D:14:     layout_grid_maze, grunt_vaults_entry_tiered, uniq_snorg
D:15:     hangedman_depths_entry_civil_slaughter, layout_basic,
          nicolae_ashenzari_skybound, uniq_josephine, uniq_rupert, uniq_nessos
Temple:   minmay_temple_bridge_abc
Lair:1:   layout_loops_ring, infiniplex_staircase_pool
Lair:2:   layout_roguey, minmay_swamp_entry_wisps,
          portal_ice_cave_entry_pillars_1, grunt_megastairs_2
Lair:3:   layout_cave_pods, beast_lair_carwin_1
Lair:4:   gammafunk_worm_tunnel, layout_cellular_growth, spider_nest_entry_a,
          lemuel_oklob_altar
Lair:5:   layout_cave_pods, slime_altar_2, gammafunk_ghost_abyssal_escape,
          beast_lair_carwin_2
Lair:6:   minmay_lair_end_frog_pond, layout_loops_ring,
          grunt_forest_small_clearings, nicolae_lair_lakeside_cave
Swamp:1:  layout_basic_swamp, nicolae_swamp_oxbows
Swamp:2:  layout_falls_marsh, infiniplex_staircase_pool_2
Swamp:3:  layout_basic_swamp, evilmike_swamp_ruin_house_5, uniq_mara,
          uniq_louise
Swamp:4:  swamp_alternative, layout_basic_swamp
Spider:1: layout_cave_pods, uniq_mlioglotl, uniq_kirke
Spider:2: layout_spider_delve, uniq_arachne
Spider:3: layout_spider_delve, hellmonk_spider_spawner
Spider:4: hellmonk_spider_rune_bug_friends
Orc:1:    layout_caves, roderic_batcave
Orc:2:    st_orc_ogre_mass, layout_caves, basic_altar
Elf:1:    eino_elf_arrival_customs, layout_onion_city, serial_shops,
          nicolae_shop_hallway_stairs, kennysheep_underground_church, uniq_agnes
Elf:2:    elven_hall_of_blades_hangedman_original
          [nicolae_blade_entry_pointy_end], layout_loops_corners, serial_shops,
          nicolae_square_shop, shop, shop, uniq_azrael, uniq_asterion
Elf:3:    minmay_elf_hall_dome, layout_onion_city, serial_shops, shop,
          minmay_elf_necromancy
Vaults:1: v_misc_17, vaults_room_grid, nicolae_vaults_minivaults,
          nicolae_vaults_shelves_hall, nicolae_vaults_diagonal_hallway_8,
          hangedman_vaults_capsules, layout_vaults_quadrants
Vaults:2: ontoclasm_vaults_ligature, v_misc_31, vaults_dpeg_spiral,
          vaults_room_door_hall, v_pattern_4, minmay_crypt_entry_nasty_monster,
          ontoclasm_vaults_spin, v_misc_12, grunt_vaults_hallway_long,
          nicolae_vaults_ninety_degrees, v_misc_16, st_more_cells,
          layout_vaults_big_room, serial_shops, nicolae_shop_trees

Skill      XL: |  1  2  3  4  5  6  7  8  9 10 11 12 13 14 15 16 17 18 19 20 21 |
---------------+----------------------------------------------------------------+-----
Fighting       | 4 5 6 8 9 10 11 12 | 12.1
Fire Magic     | 4 5 6 7 8 9 11 12 13 14 15 | 15.8
Axes           | 5 |  5.0
Maces & Flails | 1 3 4 5 7 8 10 11 12 13 | 13.7
Spellcasting   | 2 4 |  4.6
Conjurations   | 1 3 5 6 8 9 10 11 12 13 14 | 14.0
Stealth        | 1 3 4 5 6 |  6.0
Transmutations | 1 2 3 4 5 6 7 8 9 |  9.5
Poison Magic   | 2 3 4 5 7 9 |  9.2
Armour         | 5 7 9 10 12 13 | 13.5
Earth Magic    | 4 6 7 9 |  9.6
Invocations    | 3 6 9 12 13 15 | 15.1
Shields        | 1 7 |  7.6
Necromancy     | 1 6 7 |  7.1

Action                   |  1- 3 |  4- 6 |  7- 9 | 10-12 | 13-15 | 16-18 | 19-21 || total
-------------------------+-------+-------+-------+-------+-------+-------+-------++-------
Melee: Hand axe          |    87 |    26 |       |     3 |       |       |       ||   116
       Flail             |       |    72 |   162 |   461 |  1143 |  1291 |  1553 ||  4682
       Punch             |       |     2 |     2 |     3 |    25 |    19 |     9 ||    60
Throw: Boomerang         |       |       |     9 |    23 |    34 |    15 |     6 ||    87
       Throwing net      |       |       |       |     1 |       |       |       ||     1
       Dart              |       |       |       |     1 |       |     1 |       ||     2
 Cast: Scorch            |     4 |    12 |    47 |   138 |    79 |    56 |    32 ||   368
       Mephitic Cloud    |       |       |     2 |    40 |    87 |    52 |    51 ||   232
       Ignite Poison     |       |       |       |    33 |    79 |    50 |    43 ||   205
       Irradiate         |       |       |       |       |    43 |    41 |    58 ||   142
       Petrify           |       |       |       |       |       |    10 |       ||    10
Invok: Fiery Armour      |       |       |       |     1 |     1 |       |       ||     2
       Lesser Servant of |       |       |       |       |       |     9 |     6 ||    15
       Greater Servant o |       |       |       |       |       |     3 |     3 ||     6
       Major Destruction |       |       |       |       |       |     1 |       ||     1
       Minor Destruction |       |       |       |       |       |     1 |    34 ||    35
Evoke: Wand              |       |       |       |     3 |     7 |     7 |     2 ||    19
       Lightning rod     |       |       |       |     6 |     3 |       |       ||     9
       Condenser vane    |       |       |       |       |       |       |     1 ||     1
  Use: Potion            |       |       |     1 |     2 |     6 |     4 |     8 ||    21
       Scroll            |       |       |       |    18 |     7 |    13 |     7 ||    45
 Stab: Sleeping          |       |       |     1 |       |     3 |     1 |       ||     5
       Confused          |       |       |       |     4 |    14 |    10 |    15 ||    43
       Distracted        |       |       |       |       |     1 |     1 |       ||     2
       Petrified         |       |       |       |       |       |    31 |       ||    31
       Petrifying        |       |       |       |       |       |     4 |       ||     4
       Held in net/web   |       |       |       |       |       |     2 |       ||     2
Armor: Robe              |    31 |     6 |    48 |       |       |       |       ||    85
       Leather armour    |       |    10 |       |       |       |       |       ||    10
       Steam dragon scal |       |       |       |   153 |       |       |       ||   153
       Ring mail         |       |       |       |    27 |   476 |   353 |       ||   856
       Swamp dragon scal |       |       |       |       |       |   283 |   769 ||  1052
Dodge: Dodged            |    51 |    52 |    60 |   251 |   521 |   565 |   704 ||  2204
       Repelled          |       |       |       |       |       |       |    12 ||    12
Block: Buckler           |       |       |       |       |       |       |   244 ||   244
       Reflection        |       |       |       |       |       |       |    11 ||    11

Table legend: (Time is in decaauts)
 A = Elapsed time spent in this place.
 B = Non-inter-level travel time spent in this place.
 C = Inter-level travel time spent in this place.
 D = Time resting spent in this place.
 E = Time spent auto-exploring this place.
 F = Levels seen in this place.
 G = Mean time per level.
                   A        B        C        D        E       F      G
               +--------+--------+--------+--------+--------+-----+--------+
         Total |  69446 |  64081 |   5365 |  25100 |  19347 |  40 | 1736.2 |
       Dungeon |  23963 |  21465 |   2498 |   5186 |  10870 |  15 | 1597.5 |
        Temple |    236 |    173 |     63 |      0 |    167 |   1 |  236.0 |
          Lair |  14521 |  12701 |   1820 |   5610 |   3666 |   6 | 2420.2 |
         Swamp |   5978 |   5747 |    231 |   3037 |    868 |   4 | 1494.5 |
   Spider Nest |   8937 |   8569 |    368 |   4524 |    617 |   4 | 2234.2 |
  Orcish Mines |   5267 |   5180 |     87 |   3488 |    624 |   2 | 2633.5 |
   Elven Halls |   3790 |   3625 |    165 |    531 |   1547 |   3 | 1263.3 |
        Vaults |   2744 |   2613 |    131 |    466 |    705 |   2 | 1372.0 |
       Ossuary |    448 |    448 |      0 |     73 |    247 |   1 |  448.0 |
        Bailey |   1993 |   1993 |      0 |   1267 |     36 |   1 | 1993.0 |
      Ice Cave |   1563 |   1563 |      0 |    917 |      0 |   1 | 1563.0 |
               +--------+--------+--------+--------+--------+-----+--------+

Top non-repeatable levels by time:
   Orc:1: 4140 daAuts
  Lair:6: 3591 daAuts
  Lair:4: 3557 daAuts
    D:14: 3092 daAuts
Spider:1: 2609 daAuts
    D:10: 2499 daAuts
Spider:3: 2378 daAuts
  Lair:5: 2301 daAuts
Vaults:1: 2300 daAuts
    D:11: 2284 daAuts
Spider:4: 2238 daAuts
     D:5: 2001 daAuts
  Bailey: 1993 daAuts
  Lair:1: 1962 daAuts
Spider:2: 1711 daAuts
